 Dungeon Crawl Stone Soup version 0.23.2-1-ga50397a6bc (webtiles) character file.

Game seed: 14488476396758190657

169 MachJacob the Stinger (level 5, -1/38 HPs)
             Began as a Hill Orc Venom Mage on May 31, 2019.
             Slain by a sky beast (5 damage)
             ... on level 5 of the Dungeon on June 1, 2019.
             The game lasted 00:13:29 (4485 turns).

MachJacob the Stinger (Hill Orc Venom Mage)         Turns: 4485, Time: 00:13:29

Health: -1/38      AC:  3    Str: 14    XL:     5   Next: 50%
Magic:  0/8        EV: 12    Int: 16    God:
Gold:   181        SH:  0    Dex: 11    Spells: 2/8 levels left

rFire    . . .     SeeInvis .   f - +2 short sword (drain)
rCold    . . .     Gourm    .   (no shield)
rNeg     . . .     Faith    .   a - +0 robe
rPois    .         Spirit   .   (no helmet)
rElec    .         Reflect  .   i - +0 cloak of Kleptomania {Str+3} (curse)
rCorr    .         Harm     .   (no gloves)
MR       .....                  (no boots)
Stlth    ++........             (no amulet)
HPRegen  0.12/turn              (no ring)
MPRegen  0.11/turn              (no ring)

@: no status effects
A: no striking features
a: no special abilities


You were on level 5 of the Dungeon.
You were near starving.

You visited 1 branch of the dungeon, and saw 5 of its levels.

You collected 181 gold pieces.

Inventory:

Hand Weapons
 f - a +2 short sword of draining (weapon)
Armour
 a - a +0 robe (worn)
 i - the cursed +0 cloak of Kleptomania (worn) {Str+3}
   (You found it on level 2 of the Dungeon)

   It affects your strength (+3).
   It has a curse placed upon it.
Jewellery
 d - a +5 ring of protection {unknown}
Scrolls
 b - a scroll of magic mapping {unknown}
 e - a scroll of noise {unknown}
 h - 2 scrolls of immolation {unknown}
 j - a scroll of enchant armour {unknown}
 k - a scroll of amnesia {unknown}
 l - 3 scrolls of teleportation {unknown}
 n - a scroll of blinking {unknown}
Potions
 g - a potion of berserk rage {unknown}
 m - 2 potions of lignification
 o - 2 potions of heal wounds
 p - a potion of mutation
 q - a potion of might {unknown}
 r - a potion of flight {unknown}
 s - a potion of curing {unknown}
Comestibles
 c - 14 rations


   Skills:
 - Level 1.5 Dodging
 - Level 1.5 Stealth
 + Level 2.2 Spellcasting
 * Level 3.0 Conjurations
 + Level 1.2 Air Magic
 * Level 3.9 Poison Magic


You had 2 spell levels left.
You knew the following spells:

 Your Spells              Type           Power        Failure   Level  Hunger
a - Sting                 Conj/Pois      ##..         4%          1    #......
b - Poisonous Vapours     Pois/Air       ##....       11%         2    ###....
c - Mephitic Cloud        Conj/Pois/Air  ##......     21%         3    ###....

Your spell library contained the following spells:

 Spells                   Type           Power        Failure   Level  Hunger
 Beastly Appendage        Tmut           #.....       21%         1    #......
 Sticks to Snakes         Tmut           #.......     30%         2    ###....
 Spider Form              Tmut/Pois      #.........   26%         3    ###....
 Olgreb's Toxic Radiance  Pois           ##......     38%         4    #####..
 Venom Bolt               Conj/Pois      ##........   80%         5    ######.
 Ice Form                 Ice/Tmut       #.......     90%         4    #####..
 Blade Hands              Tmut           #.........   99%         5    ######.


Dungeon Overview and Level Annotations

Branches:
Dungeon (5/15)
 Temple: D:4-7

Altars:
Gozag

Shops:
D:4 %

Annotations:
D:2 exclusion: 2 goblins, Robin
D:3 Grinder
D:4 exclusions: leopard gecko and ogre, Ijyb
D:5 exclusion: centaur


Message History

The sting hits the sky beast.
The sky beast looks even sicker.
The sky beast is heavily wounded.
You closely miss the sky beast.
The sky beast is heavily wounded.
The sky beast looks more healthy.
The sky beast flickers out of sight!
Deactivating autopickup; reactivate with Ctrl-A.
Something hits you. Something shocks you.
You miss something. Something hits you. Something shocks you.
You hit something but do no damage. Something hits you. Something shocks you.
Casting: Sting (safe; 4% risk of failure)
Confirm with . or Enter, or press ? or * to list all spells.
Aiming: Poisonous Vapours (safe; 11% risk of failure)
Press: ? - help, Dir - move target cursor Poisonous vapours surround something!
Something hits you. Something shocks you.
* * * LOW HITPOINT WARNING * * *
There is a stone staircase leading up here.
Something hits you.
* * * LOW HITPOINT WARNING * * *
Something shocks you.
You die...

### #.# #.# ##.#
...# ##.####
......#
......############
................@#
.......###########
.......# ##'###.#
.......#####
..>.........
............
.....#.#####
####.#.#


There were no monsters in sight!

Vanquished Creatures
  An iguana (D:4)
  A hound skeleton (D:4)
  5 adders (D:2 D:3 D:4)
  4 worms (D:1 D:2)
  2 dart slugs (D:1)
  A leopard gecko (D:3)
  7 orcs (D:3 D:4)
  8 bats (D:1 D:2 D:3)
  3 giant cockroaches (D:1 D:3)
  9 goblins (D:1 D:2 D:3)
  5 hobgoblins (D:1 D:2)
  A quokka (D:3)
  A ball python (D:1)
  7 frilled lizards (D:1 D:2 D:3 D:4)
  6 kobolds (D:1 D:2 D:3)
  7 rats (D:1 D:2 D:3)
68 creatures vanquished.

Notes
Turn   | Place    | Note
-------+----------+-------------------------------------------
     0 | D:1      | MachJacob the Hill Orc Venom Mage began the quest for the
                  | Orb.
     0 | D:1      | Reached XP level 1. HP: 14/14 MP: 3/3
   313 | D:1      | Reached XP level 2. HP: 19/20 MP: 0/4
   337 | D:1      | Learned a level 2 spell: Poisonous Vapours
  1198 | D:2      | Reached XP level 3. HP: 26/26 MP: 3/5
  1517 | D:2      | Got a bloodstained cloak
  1548 | D:2      | Noticed Robin
  1746 | D:2      | Identified the cursed +0 cloak of Kleptomania {Str+3} (You
                  | found it on level 2 of the Dungeon)
  1749 | D:2      | Found an opulent altar of Gozag.
  2100 | D:2      | Reached XP level 4. HP: 26/33 MP: 1/7
  2115 | D:2      | Learned a level 3 spell: Mephitic Cloud
  2905 | D:3      | Noticed Grinder
  2907 | D:3      | Paralysed by Grinder for 6 turns
  2915 | D:3      | Paralysed by Grinder for 6 turns
  3230 | D:3      | Reached skill level 1 in Air Magic
  3631 | D:4      | Reached XP level 5. HP: 38/38 MP: 3/8
  3803 | D:4      | Noticed Ijyb
  3803 | D:4      | Noticed an ogre
  4164 | D:4      | Found Tadit's Food Shoppe.
  4421 | D:5      | Entered Level 5 of the Dungeon
  4447 | D:5      | Noticed a centaur
  4459 | D:5      | Noticed a sky beast
  4485 | D:5      | Slain by a sky beast

Skill      XL: |  1  2  3  4  5 |
---------------+----------------+-----
Poison Magic   | 3 |  3.9
Conjurations   | 2 3 |  3.0
Spellcasting   | 2 |  2.2
Air Magic      | 1 |  1.2
Dodging        | |  1.5
Stealth        | |  1.5

Action                   |  1- 3 |  4- 6 || total
-------------------------+-------+-------++-------
Melee: Short sword       |    10 |    13 ||    23
 Cast: Sting             |    70 |    65 ||   135
       Poisonous Vapours |     1 |     4 ||     5
  Use: Scroll            |     2 |     3 ||     5
  Eat: Chunk             |     5 |     7 ||    12
Armor: Robe              |     5 |     7 ||    12
Dodge: Dodged            |    26 |    11 ||    37
